 Dungeon Crawl Stone Soup version 0.31-a0-237-g2d982f9f85 (webtiles) character file.

Game seed: 12052702580904871275

178 qw the Shooter (level 5, -7/30 HPs)
             Began as a Gargoyle Hexslinger on July 11, 2023.
             Was an Initiate of Okawaru.
             Mangled by an ice beast (14 damage)
             ... on level 4 of the Dungeon.
             The game lasted 00:01:16 (2693 turns).

qw the Shooter (Gargoyle Hexslinger)                Turns: 2693, Time: 00:01:17

Health: -7/30      AC: 10    Str: 11    XL:     5   Next: 58%
Magic:  6/6        EV: 10    Int: 14    God:    Okawaru [......]
Gold:   157        SH:  5    Dex: 14    Spells: 5/6 levels left

rFire   . . .        Y - +1 sling
rCold   . . .        (no shield)
rNeg    + + .        e - +0 ring mail
rPois   inf          l - +0 helmet
rElec   +            (no cloak)
rCorr   .            (no gloves)
SInv    .            (no boots)
Will    .....        h - amulet of reflection
Stlth   +            a - ring of positive energy
HPRegen 0.25/turn    (no ring)
MPRegen 0.10/turn

%: reflection
@: no status effects
A: sickness immunity, AC +4, negative energy resistance 1, electricity
resistance, torment resistance 1, petrification resistance
a: Renounce Religion


You were on level 4 of the Dungeon.
You worshipped Okawaru.
Okawaru was noncommittal.
You visited 2 branches of the dungeon, and saw 7 of its levels.

You collected 157 gold pieces.


Innate Abilities, Weirdness & Mutations

You are immune to sickness and miasma.
Your stone body is resilient. (AC +4)
You are immune to poison.
You resist negative energy. (rN+)
You are resistant to electric shocks. (rElec)
You are resistant to unholy torment.
You are immune to petrification.


   Skills:
 + Level 2.0 Fighting
 - Level 5.2 Ranged Weapons
 - Level 1.0 Armour
 - Level 1.5 Dodging
 - Level 1.0 Spellcasting
 - Level 2.6 Hexes


You had 5 spell levels left.
You knew the following spells:

 Your Spells              Type           Power      Damage    Failure   Level
a - Slow                  Hex            32%        N/A       21%         1

Your spell library contained the following spells:

 Spells                   Type           Power      Damage    Failure   Level
 Inner Flame              Hex/Fire       4%         N/A       71%         3
 Portal Projectile        Hex/Tloc       8%         N/A       71%         3
 Cause Fear               Hex            4%         N/A       90%         4

Inventory:

Hand Weapons
 Y - a +1 sling (weapon)
Armour
 e - a +0 ring mail (worn)
 l - a +0 helmet (worn)
Jewellery
 a - a ring of positive energy (left hand)
 h - an amulet of reflection (around neck)
Potions
 b - a potion of magic {unknown}
 d - a potion of curing {unknown}
 i - a potion of might {unknown}
 m - a potion of attraction {unknown}

Dungeon Overview and Level Annotations

Branches:
Dungeon (6/15)             Temple (1/1) D:4

Altars:
Cheibriados
Dithmenos
Elyvilon
Gozag
Nemelex Xobeh
Okawaru
Qazlal
Sif Muna
Vehumet
Wu Jian
Zin
The Shining One


Message History

The ice beast is lightly wounded.
The ice beast hits you. The ice beast freezes you!
You block the ice beast's attack.
You shoot a sling bullet. The sling bullet hits the ice beast.
The ice beast is lightly wounded.
You block the ice beast's attack.
You shoot a sling bullet. The sling bullet hits the ice beast.
The ice beast is lightly wounded.
You block the ice beast's attack.
You shoot a sling bullet.
The sling bullet hits the ice beast but does no damage.
The ice beast is lightly wounded.
The ice beast closely misses you.
The ice beast hits you but does no damage.
You shoot a sling bullet.
The sling bullet hits the ice beast but does no damage.
The ice beast is lightly wounded.
You block the ice beast's attack.
You shoot a sling bullet.
The sling bullet hits the ice beast but does no damage.
The ice beast is lightly wounded.
The ice beast completely misses you.
You shoot a sling bullet.
The sling bullet hits the ice beast but does no damage.
The ice beast is lightly wounded.
You block the ice beast's attack.
You shoot a sling bullet. The sling bullet hits the ice beast.
The ice beast is moderately wounded.
The ice beast closely misses you.
You shoot a sling bullet.
The sling bullet barely misses the ice beast.
The ice beast hits you but does no damage. x2
You shoot a sling bullet.
The sling bullet hits the ice beast but does no damage.
The ice beast is moderately wounded.
The ice beast closely misses you.
You shoot a sling bullet. The sling bullet hits the ice beast.
The ice beast is moderately wounded.
The ice beast hits you. The ice beast freezes you!
You die...

#.........
.......#....##...#
.......#######
.............#
.............#
.......$.....#
.............#
....(..Y.....# #...@#
#.......... +....#
#.......... #....+
#........... #....#
#...........
#....####............
##+#.................
#......##.##.#..##
#............#....
##########......##.#....##.


You could see an ice beast.

Vanquished Creatures
  A scorpion (D:3)
  A sleepcap (D:4)
  2 adders
  2 worms (D:3)
  A dart slug (D:1)
  4 orcs
  4 ball pythons
  8 bats
  6 endoplasms
  A giant cockroach (D:1)
  7 goblins
  6 hobgoblins
  4 quokkas (D:1)
  3 frilled lizards
  6 kobolds
  5 rats
61 creatures vanquished.

Notes
Turn   | Place    | Note
-------+----------+-------------------------------------------
     0 | D:1      | qw the Gargoyle Hexslinger began the quest for the Orb.
     0 | D:1      | Reached XP level 1. HP: 12/12 MP: 2/2
     0 | D:1      | 0 ||| qw: Version: 0.3-a-52-g30416fa
     0 | D:1      | 0 ||| qw: Game counter: 5868
     0 | D:1      | 0 ||| qw: Melee chars always use a shield: true
     0 | D:1      | 0 ||| qw: God list: Okawaru
     0 | D:1      | 0 ||| qw: Allow faded altars: false
     0 | D:1      | 0 ||| qw: Do Orc after clearing Dungeon:15 true
     0 | D:1      | 0 ||| qw: Do second Lair branch before Depths: true
     0 | D:1      | 0 ||| qw: Lair rune preference: random
     0 | D:1      | 0 ||| qw: Goals: Normal
     0 | D:1      | 0 ||| PLANNING D:1-11
    81 | D:1      | Reached XP level 2. HP: 16/16 MP: 3/3
   190 | D:1      | Reached skill level 3 in Ranged Weapons
   450 | D:1      | Reached XP level 3. HP: 20/21 MP: 4/4
   777 | D:1      | 777 ||| UPGRADING to +0 leather armour.
   787 | D:1      | 787 ||| DROPPING +0 robe.
   788 | D:1      | 788 ||| UPGRADING to +0 ring mail.
   798 | D:1      | 798 ||| DROPPING +0 leather armour.
   799 | D:1      | 799 ||| UPGRADING to amulet of reflection.
   804 | D:1      | 804 ||| READING scroll labelled NIFASIKIMU.
   808 | D:1      | 808 ||| READING scroll labelled QEYNLOO VINOA.
   809 | D:1      | 809 ||| READING scroll labelled HEOPSO UNWOETU.
   810 | D:1      | 810 ||| DRINKING 2 fizzy golden potions.
   811 | D:1      | 811 ||| DROPPING scroll of poison.
  1303 | D:2      | 1303 ||| UPGRADING to ring of positive energy.
  1453 | D:3      | Found an ornate altar of the Wu Jian Council.
  1473 | D:3      | Reached XP level 4. HP: 25/26 MP: 5/5
  1598 | D:3      | Reached skill level 4 in Ranged Weapons
  1788 | D:3      | You fall into a shaft and drop 3 floors!
  1820 | D:6      | 1820 ||| UPGRADING to +0 helmet.
  1825 | D:6      | 1825 ||| READING scroll labelled NOXKOLA MIPH.
  1826 | D:6      | 1826 ||| READING scroll labelled USYMNI IJASORE.
  1827 | D:6      | 1827 ||| READING scroll labelled SUQ XIWKEIPH.
  1832 | D:5      | Entered Level 5 of the Dungeon
  1832 | D:5      | Noticed a scorpion
  1842 | D:5      | HP: 6/26 [scorpion (5)]
  1843 | D:5      | 1843 ||| READING scroll of teleportation.
  1844 | D:5      | 1844 ||| DRINKING potion of heal wounds.
  1860 | D:4      | Reached skill level 1 in Armour
  2276 | D:3      | Noticed a scorpion
  2296 | D:3      | Killed a scorpion
  2297 | D:3      | Reached XP level 5. HP: 24/30 MP: 6/6
  2502 | D:4      | Found an opulent altar of Gozag.
  2512 | D:4      | Found a staircase to the Ecumenical Temple.
  2513 | D:4      | 2513 ||| PLANNING TEMPLE
  2522 | Temple   | Entered the Ecumenical Temple
  2553 | Temple   | 2553 ||| PLANNING OKAWARU WORSHIP
  2566 | Temple   | Became a worshipper of Warmaster Okawaru
  2567 | Temple   | 2567 ||| PLANNING D:1-11
  2675 | D:4      | Noticed an ice beast
  2682 | D:4      | Reached skill level 5 in Ranged Weapons
  2683 | D:4      | HP: 5/30 [ice beast (11)]
  2693 | D:4      | HP: 7/30 [ice beast (1)]
  2693 | D:4      | Mangled by an ice beast

Levels and vault maps discovered:
D:1:      amcnicky_arrival_double_pillar, layout_basic, st_stairs_4,
          kennysheep_pointless_box
D:2:      layout_basic, shapermc_ecumenical_altar_petra
D:3:      layout_loops_corners, overflow_temple_1_default
D:4:      layout_gridville, nicolae_kikubaaqudgha_miasma_corner,
          nicolae_gozag_conspicuous_consumption, minmay_temple_entry_ruins,
          uniq_menkaure
D:5:      lemuel_castle_with_subvaults [lemuel_castle_interior_carwin_2],
          layout_basic, hangedman_decor_growths, dk_noncrumbling_4
D:6:      layout_basic, uniq_duvessa, uniq_pikel, uniq_grinder, uniq_maggie
Temple:   eino_wide_crystal_templ

Skill      XL: |  1  2  3  4  5 |
---------------+----------------+-----
Ranged Weapons | 3 4 5 |  5.2
Fighting       | 2 |  2.0
Armour         | 1 |  1.0
Dodging        | |  1.5
Spellcasting   | |  1.0
Hexes          | |  2.6

Action                     |  1- 3 |  4- 6 || total
---------------------------+-------+-------++-------
   Fire: Sling             |   131 |   153 ||   284
    Use: Scroll            |     3 |     4 ||     7
         Potion            |     1 |     1 ||     2
 Armour: Robe              |     8 |       ||     8
         Ring mail         |    21 |    71 ||    92
  Dodge: Dodged            |    48 |    71 ||   119
  Block: Other             |    12 |    34 ||    46
         Reflection        |       |     1 ||     1

Table legend:
 A = Non-vault XP
 B = Vault XP
 C = Vault XP percentage of total XP
 D = Non-vault monster count
 E = Vault monster count
 F = Vault count percentage of total count
                 A         B        C        D         E       F
            +---------+---------+-------+---------+---------+-------
      Total |     249 |       6 |   2.4 |      58 |       3 |   4.9
            +---------+---------+-------+---------+---------+-------
        D:1 |      46 |       3 |   6.1 |      27 |       2 |   6.9
        D:2 |      16 |       0 |   0.0 |       3 |       0 |   0.0
        D:3 |     134 |       0 |   0.0 |      21 |       0 |   0.0
        D:4 |      53 |       0 |   0.0 |       7 |       0 |   0.0
        D:5 |       0 |       3 | 100.0 |       0 |       1 | 100.0
            +---------+---------+-------+---------+---------+-------
